 Dungeon Crawl Stone Soup version 0.24-a0-434-gd57e52fea8 (webtiles) character file.

Game seed: 1461783763305960842

193231 Murumi the Protected (level 18, -15/153 HPs)
             Began as a Gargoyle Fighter on June 12, 2019.
             Was the Champion of Elyvilon.
             Demolished by an Ice Fiend (33 damage)
             ... in an ice cave on June 17, 2019.
             The game lasted 04:01:18 (34765 turns).

Murumi the Protected (Gargoyle Fighter)            Turns: 34765, Time: 04:01:20

Health: -15/153    AC: 29    Str: 25    XL:     18   Next: 26%
Magic:  2/33       EV:  2    Int: 12    God:    Elyvilon [******]
Gold:   872        SH:  9    Dex:  9    Spells: 17/17 levels left

rFire    . . .     SeeInvis .   K - +0 morningstar (freeze)
rCold    . . .     Gourm    .   W - +2 buckler
rNeg     + + +     Faith    .   (armour currently unavailable)
rPois    ∞         Spirit   .   (helmet currently unavailable)
rElec    .         Reflect  .   (cloak currently unavailable)
rCorr    .         Harm     .   (gloves currently unavailable)
MR       ++...     Clarity  +   (boots currently unavailable) Stlth +.........NoTele +
                                s - amulet of regeneration
HPRegen  0.75/turn              Y - +4 ring of evasion
MPRegen  0.23/turn              y - ring of protection from magic

@: tree-form, berserk cooldown, slowed, very slow
A: clarity, frail 1, high mp 2, negative energy resistance 1, petrification
resistance, rot immunity, AC +13
}: 1/15 runes: decaying
a: Lesser Healing, Heal Other, Purification, Greater Healing, Divine Vigour,
Divine Protection, Renounce Religion


You were in an ice cave.
You worshipped Elyvilon.
Elyvilon was exalted by your worship.
You were very hungry.
You were a tree.
You visited 5 branches of the dungeon, and saw 28 of its levels.
You also visited: Ice Cave.

You collected 2133 gold pieces.
You spent 1261 gold pieces at shops.

Inventory:

Hand Weapons
 K - a +0 morningstar of freezing (weapon)
Missiles
 h - 101 poisoned darts
 i - 743 stones (quivered)
 l - 4 silver boomerangs
 o - 13 javelins
 t - 5 throwing nets
 u - 7 boomerangs
 J - 15 curare-tipped darts
Armour
 m - the +8 plate armour of Fashionability (melded) {Dex+2}
   (You found it on level 4 of the Lair of Beasts)

   It affects your dexterity (+2).
 I - a +1 pair of gloves of strength (melded)
 L - a +0 large shield
 N - a +2 hat (melded)
 P - the +2 shield of Somewhere Else {rC+}
   (You took it off Donald on level 3 of the Swamp)

   It protects you from cold.
 R - a scarf of spirit shield (melded)
 S - a +2 pair of boots (melded)
 W - a +2 buckler (worn)
Jewellery
 s - an amulet of regeneration (around neck)
 y - a ring of protection from magic (right branch)
 C - a +4 ring of protection
 Y - a +4 ring of evasion (left branch)
Wands
 d - a wand of scattershot (6)
 g - a wand of polymorph (35)
 j - a wand of iceblast (27)
 v - a wand of flame (70)
 G - a wand of enslavement (5)
 H - a wand of disintegration (21)
 M - a wand of digging (15)
Scrolls
 b - a scroll of magic mapping
 c - 2 scrolls of amnesia
 k - 5 scrolls of fear
 q - 7 scrolls of teleportation
 w - 8 scrolls of remove curse
 z - 4 scrolls of fog
 B - 9 scrolls of identify
 D - 4 scrolls of enchant weapon
 Z - a scroll of blinking
Potions
 e - 5 potions of agility
 n - 2 potions of cancellation
 p - 10 potions of heal wounds
 r - 9 potions of curing
 A - 4 potions of brilliance
 E - 2 potions of magic
 F - 5 potions of ambrosia
 O - 2 potions of haste
 Q - 4 potions of lignification
 V - 5 potions of might
 X - a potion of invisibility
Miscellaneous
 T - a fan of gales
 U - 3 sacks of spiders
Comestibles
 f - 51 rations


   Skills:
 - Level 13.0 Fighting
 - Level 12.0 Maces & Flails
 - Level 11.0 Throwing
 - Level 13.1 Armour
 + Level 9.4 Dodging
 - Level 13.0 Shields
 - Level 13.0 Invocations
 - Level 11.0 Evocations


You had 17 spell levels left.
You didn't know any spells.
Your spell library contained the following spells:

 Spells                   Type           Power        Failure   Level  Hunger
 Animate Skeleton         Necr           N/A          32%         1    ##.....
 Apportation              Tloc           #.....       32%         1    ##.....
 Confusing Touch          Hex            #.....       32%         1    ##.....
 Flame Tongue             Conj/Fire      #....        32%         1    ##.....
 Freeze                   Ice            #...         32%         1    ##.....
 Magic Dart               Conj           #...         32%         1    ##.....
 Sandblast                Erth           #.....       32%         1    ##.....
 Shock                    Conj/Air       #...         32%         1    ##.....
 Summon Small Mammal      Summ           #...         32%         1    ##.....
 Blink                    Tloc           N/A          45%         2    ###....
 Call Imp                 Summ           #.......     45%         2    ###....
 Slow                     Hex            #.......     45%         2    ###....
 Swiftness                Chrm/Air       #.......     45%         2    ###....
 Throw Flame              Conj/Fire      #.....       45%         2    ###....
 Throw Frost              Conj/Ice       #.....       45%         2    ###....
 Conjure Flame            Conj/Fire      #.......     69%         3    ####...
 Inner Flame              Hex/Fire       #.......     69%         3    ####...
 Mephitic Cloud           Conj/Pois/Air  #.......     69%         3    ####...
 Ozocubu's Armour         Chrm/Ice       #.......     69%         3    ####...
 Static Discharge         Conj/Air       #.......     69%         3    ####...
 Stone Arrow              Conj/Erth      #.....       69%         3    ####...
 Airstrike                Air            #.........   97%         4    #####..
 Leda's Liquefaction      Hex/Erth       #.........   97%         4    #####..
 Sticky Flame             Conj/Fire      #.......     97%         4    #####..
 Summon Ice Beast         Ice/Summ       #.......     97%         4    #####..
 Throw Icicle             Conj/Ice       #.......     97%         4    #####..
 Fireball                 Conj/Fire      #.........   100%        5    ######.
 Lee's Rapid Deconstruct  Erth           #.........   100%        5    ######.
 Lightning Bolt           Conj/Air       #.........   100%        5    ######.
 Statue Form              Tmut/Erth      Unusable     N/A         6    N/A

Dungeon Overview and Level Annotations

Branches:
Dungeon (13/15)            Temple (1/1) D:5            Lair (6/6) D:8
  Swamp (4/4) Lair:2        Snake (4/4) Lair:4        Slime (0/5) Lair:5
    Orc (0/2) D:12         Vaults (0/5) D:13

Altars:
Ashenzari
Cheibriados
Dithmenos
Elyvilon
Fedhas
Gozag
Hepliaklqana
Kikubaaqudgha
Makhleb
Nemelex Xobeh
Okawaru
Qazlal
Ru
Sif Muna
Trog
Uskayaw
Vehumet
Wu Jian
Xom
Yredelemnul
Zin
The Shining One
Beogh

Shops:
D:5 [(%(*   D:10 :   D:12 [   D:13 !   Snake:1 %[

Portals:
Trove: D:12 (give 8 potions of agility)

Annotations:
Lair:2 exclusion: 2 oklob plants
Lair:3 exclusion: oklob plant


Innate Abilities, Weirdness & Mutations

You are resistant to torment.
((Your stone body is resilient. (AC +13)))
You are immune to poison.
((Your large and strong wings let you fly indefinitely.))
You resist negative energy. (rN+)
((You are resistant to electric shocks. (rElec)))
((You can survive without breathing.))
You are immune to petrification.
You are immune to rotting.
((You can translocate small distances at will.))
You possess an exceptional clarity of mind.
You are frail. (-10% HP)
You have a considerably increased reservoir of magic. (+20% MP)


Message History

The +8 plate armour of Fashionability {Dex+2} melds into your body.
You feel strangely alone.
You feel weaker.
Your roots penetrate the ground.
The Ice Fiend gestures at you. The bolt of cold hits you!
You are feeling very hungry.
You sock the Ice Fiend!
The Ice Fiend is moderately wounded.
You block the Ice Fiend's attack. The Ice Fiend claws you.
The Ice Fiend freezes you!!!
* * * LOW HITPOINT WARNING * * *
You feel much better.
The Ice Fiend claws you but does no damage.
The Ice Fiend completely misses you.
The Ice Fiend claws you but does no damage.
The Ice Fiend claws you.
* * * LOW HITPOINT WARNING * * *
The Ice Fiend freezes you!!
You die...

##.# ##..#
#...# #.##
#..## ##..##
#.## #..#
#####..# #..##
##.####..###.#
##..###..#
#.⌠###..#
#...#..##
#...##.##
##.....#
#..#...#
#....##
##.#..##
##..##
##♣##### #..#
#1##1## ####.#
##.#.Z#
##.#.##
##4#..1Z..#
#.#.##
#.#4ZZ.#$:
##!## ####Z..#
### #.## ##


You could see an Ice Fiend.

Vanquished Creatures
  Jorgrun (D:12)
  A tentacled monstrosity (Swamp:4)
  Gastronok (Lair:3)
  Agnes (Snake:1)
  A thorn hunter (Swamp:1)
  2 nagarajas (Snake:3)
  Roxanne (Swamp:1)
  The ghost of pentaxis93 the Eclecticist, an adept DEFE of Vehumet (Swamp:3)
  Louise (Snake:1)
  A very ugly thing (Swamp:3)
  5 dire elephants (Lair:6)
  A fire dragon (D:12)
  2 green deaths (Swamp:4)
  Harold (D:8)
  7 naga warriors
  5 vault guards (D:13)
  A rakshasa (D:13)
  Erica (D:8)
  Erolcha (D:11)
  3 shambling mangroves
  5 centaur warriors
  23 hydras
  8 anacondas
  A ghost crab (Swamp:3)
  2 tengu warriors (D:13)
  6 two-headed ogres
  2 ogre magi (D:13)
  4 death yaks
  13 alligators
  4 naga sharpshooters
  A thrashing horror (Swamp:4)
  A deep elf knight (D:13)
  2 shock serpents
  A skeletal warrior (D:13)
  2 large abominations (Swamp:4)
  A salamander mystic (Snake:3)
  3 spriggan druids
  3 unseen horrors
  8 swamp dragons
  3 naga ritualists
  A deep elf archer (D:13)
  Pikel (D:5)
  An orc knight (D:12)
  An orc sorcerer (D:13)
  A deep elf mage (D:13)
  5 mana vipers
  9 ugly things
  2 manticores
  3 ice statues
  3 salamanders
  8 elephants
  Psyche (D:8)
  23 black mambas
  Joseph (D:7)
  A guardian serpent (Snake:2)
  8 naga magi
  2 gargoyles
  15 spiny frogs
  2 orange demons (Swamp:4)
  4 centaur skeletons
  3 rime drakes
  A kobold demonologist (D:12)
  2 freezing wraiths (IceCv)
  7 ice devils (IceCv)
  7 komodo dragons
  2 anaconda simulacra (IceCv)
  A queen bee (Lair:1)
  4 golden dragon simulacra (IceCv)
  2 trolls (D:11)
  10 hornets
  8 tyrant leeches
  2 polar bears (Lair:5)
  Grinder (D:5)
  7 blink frogs
  4 dream sheep (Lair:5)
  Prince Ribbit (D:5)
  35 slime creatures
  10 bog bodies
  18 hippogriffs
  A wraith (D:12)
  A redback (shapeshifter) (D:12)
  6 shadows
  7 spriggans
  Eustachio (D:6)
  4 dire elephant simulacra (IceCv)
  A human (D:13)
  51 yaks
  5 hungry ghosts
  7 vampire mosquitoes
  2 basilisks (Lair:5)
  10 insubstantial wisps
  Menkaure (D:7)
  3 harpy simulacra (IceCv)
  An iron troll simulacrum (IceCv)
  13 swamp worms
  21 nagas
  12 water moccasins
  3 hydra simulacra (IceCv)
  13 porcupines
  2 acid dragons (D:13)
  13 swamp drakes
  2 ice beasts
  3 black bears
  2 sky beasts
  An eye of draining (D:9)
  15 orc warriors
  9 necrophages
  An ettin simulacrum (IceCv)
  6 phantoms
  6 ogres
  8 centaurs
  6 wolves
  14 crocodiles
  A big kobold (shapeshifter) (D:12)
  2 big kobolds
  Blork the orc (D:6)
  26 bullfrogs
  A wyvern skeleton (D:13)
  4 scorpions
  33 killer bees
  A wight (D:13)
  An electric eel (Lair:3)
  2 howler monkeys
  A centaur zombie (D:11)
  7 crimson imps
  3 bullfrog zombies
  16 orc priests
  13 jellies
  14 orc wizards
  2 gnoll shamans
  Crazy Yiuf (D:6)
  3 bullfrog skeletons
  11 hounds
  4 iguanas
  8 worker ants
  5 troll simulacra (IceCv)
  A polar bear simulacrum (IceCv)
  A spriggan simulacrum (IceCv)
  2 wolf simulacra (IceCv)
  3 centaur simulacra (IceCv)
  A hound skeleton (D:5)
  2 worker ant zombies
  Robin (D:4)
  19 gnolls
  9 adders
  2 naga simulacra (IceCv)
  4 ogre simulacra (IceCv)
  2 shadow imps
  6 white imps (IceCv)
  5 ufetubi (IceCv)
  5 oozes
  A worm (D:2)
  A dart slug (D:1)
  5 leopard geckos
  61 orcs
  A ball python (D:3)
  4 bats
  3 giant cockroaches
  10 hobgoblins
  15 jackals
  3 quokkas
  3 frilled lizards
  13 goblins
  9 kobolds
  A quokka skeleton (D:5)
  2 quokka zombies
  8 rats
  5 plants (Lair:6)
967 creatures vanquished.

Vanquished Creatures (collateral kills)
  Donald (Swamp:3)
  An alligator (Swamp:3)
  A hornet (Swamp:3)
  A slime creature (Swamp:3)
  2 swamp worms (Swamp:3)
6 creatures vanquished.

Vanquished Creatures (others)
  A hydra (Swamp:4)
  A blink frog (Swamp:3)
  A swamp worm (Swamp:4)
  3 slaves (D:5)
  A boggart (D:13)
  A centaur skeleton (D:5)
  An orc wizard (D:9)
  A worker ant (D:5)
  A gnoll (D:5)
  An orc (D:5)
  15 fungi
  6 plants
33 creatures vanquished.

Grand Total: 1006 creatures vanquished

Notes
Turn   | Place    | Note
-------+----------+-------------------------------------------
     0 | D:1      | Murumi the Gargoyle Fighter began the quest for the Orb.
     0 | D:1      | Reached XP level 1. HP: 14/14 MP: 1/1
   123 | D:1      | Reached skill level 1 in Dodging
   179 | D:1      | Reached XP level 2. HP: 19/19 MP: 2/2
   307 | D:1      | Reached skill level 1 in Throwing
   553 | D:1      | Reached XP level 3. HP: 23/23 MP: 3/3
  1029 | D:2      | Reached XP level 4. HP: 27/28 MP: 4/4
  1171 | D:2      | Found a sacrificial altar of Ru.
  1254 | D:2      | Found an opulent altar of Gozag.
  1254 | D:2      | Found an ornate altar of the Wu Jian Council.
  1256 | D:2      | Found a shimmering altar of Xom.
  1444 | D:2      | Gained mutation: You have a pair of small horns on your
                  | head. [potion of mutation]
  1444 | D:2      | Gained mutation: You are partially covered in thin metallic
                  | scales. (AC +2) [potion of mutation]
  1444 | D:2      | Gained mutation: Your flesh is cold resistant. (rC+)
                  | [potion of mutation]
  1445 | D:2      | Lost mutation: You have a pair of small horns on your head.
                  | [potion of mutation]
  1445 | D:2      | Lost mutation: You are partially covered in thin metallic
                  | scales. (AC +2) [potion of mutation]
  1445 | D:2      | Gained mutation: You are partially covered in large bone
                  | plates. (SH +4) [potion of mutation]
  1445 | D:2      | Gained mutation: You have supernaturally acute eyesight.
                  | (SInv) [potion of mutation]
  1445 | D:2      | Gained mutation: Your mind is acute. (Int +2) [potion of
                  | mutation]
  1758 | D:3      | Reached XP level 5. HP: 33/33 MP: 5/5
  2591 | D:4      | Reached XP level 6. HP: 26/38 MP: 6/6
  2796 | D:4      | Reached skill level 1 in Evocations
  2914 | D:4      | Noticed Robin
  2936 | D:4      | Killed Robin
  3160 | D:4      | You fall into a shaft and drop 3 floors!
  3173 | D:7      | Noticed a phantom
  3203 | D:7      | Noticed a phantom
  3208 | D:6      | Noticed Eustachio
  3245 | D:6      | Killed Eustachio
  3245 | D:6      | Reached XP level 7. HP: 34/43 MP: 7/9
  3314 | D:5      | Entered Level 5 of the Dungeon
  3328 | D:5      | Found Dirola's Weapon Emporium.
  3340 | D:5      | Found a staircase to the Ecumenical Temple.
  3353 | Temple   | Entered the Ecumenical Temple
  3361 | Temple   | Became a worshipper of Elyvilon the Healer
  3549 | D:5      | Noticed Grinder
  3552 | D:5      | Found a shadowy altar of Dithmenos.
  3557 | D:5      | Paralysed by Grinder for 4 turns
  3567 | D:5      | Killed Grinder
  3567 | D:5      | Reached skill level 5 in Maces & Flails
  3612 | D:5      | Found Iroxyofo's Antique Armour Shoppe.
  3615 | D:5      | Bought a cloak for 112 gold pieces
  3652 | D:5      | Reached XP level 8. HP: 48/48 MP: 10/10
  3725 | D:5      | Got a vibrating copper ring
  3726 | D:5      | Identified the ring "Gioseal" {rElec rPois rN+ Dex-2} (You
                  | found it on level 5 of the Dungeon)
  3772 | D:5      | Noticed Pikel
  3789 | D:5      | Killed Pikel
  3789 | D:5      | Reached skill level 5 in Invocations
  3993 | D:5      | Reached skill level 5 in Fighting
  4153 | D:5      | Found Vephogam's Antique Weapon Boutique.
  4215 | D:5      | Found Kohyn's Food Emporium.
  4258 | D:5      | Reached skill level 5 in Armour
  4355 | D:5      | Found Dorat's Assorted Antiques.
  4357 | D:5      | Reached * piety under Elyvilon
  4440 | D:5      | Noticed Prince Ribbit
  4668 | D:5      | Reached XP level 9. HP: 54/54 MP: 13/13
  4739 | D:5      | Killed Prince Ribbit
  4894 | D:5      | Bought a scroll of identify for 46 gold pieces
  5032 | D:6      | Found a runed translucent door.
  5033 | D:6      | Noticed Crazy Yiuf
  5187 | D:6      | Noticed Blork the orc
  5195 | D:6      | Killed Blork the orc
  5838 | D:6      | Killed Crazy Yiuf
  5978 | D:7      | Noticed Joseph
  6159 | D:7      | Killed Joseph
  6254 | D:7      | Reached XP level 10. HP: 52/60 MP: 14/14
  6752 | D:7      | Noticed Menkaure
  6756 | D:7      | Killed Menkaure
  6788 | D:8      | Reached ** piety under Elyvilon
  6849 | D:8      | Noticed Harold
  6915 | D:8      | Killed Harold
  7039 | D:8      | Noticed Psyche
  7068 | D:8      | Killed Psyche
  7068 | D:8      | Reached skill level 5 in Throwing
  7116 | D:8      | Noticed Erica
  7164 | D:8      | Killed Erica
  7207 | D:8      | Reached XP level 11. HP: 68/68 MP: 17/17
  7303 | D:8      | Reached skill level 5 in Evocations
  7364 | D:8      | Found a staircase to the Lair.
  8392 | D:5      | Bought a pair of embroidered gloves for 187 gold pieces
  8771 | D:9      | Reached *** piety under Elyvilon
  8831 | D:9      | Found an ancient bone altar of Kikubaaqudgha.
  9078 | D:9      | Reached skill level 5 in Dodging
  9525 | D:9      | Noticed a two-headed ogre
  9543 | D:9      | Killed a two-headed ogre
  9747 | D:10     | Entered Level 10 of the Dungeon
  9927 | Lair:1   | Entered Level 1 of the Lair of Beasts
 10240 | D:10     | Noticed a two-headed ogre
 10254 | D:10     | Killed a two-headed ogre
 10290 | D:10     | Reached **** piety under Elyvilon
 10378 | D:10     | Found Hynoimikh's Book Boutique.
 10895 | Lair:1   | Reached XP level 12. HP: 71/75 MP: 18/18
 11960 | Lair:1   | Reached ***** piety under Elyvilon
 12170 | Lair:1   | Upgraded the game from 0.24-a0-422-g9eff3895ba to
                  | 0.24-a0-423-g6870c0f642
 12642 | Lair:2   | Noticed a six-headed hydra
 12663 | Lair:2   | Killed a six-headed hydra
 12727 | Lair:2   | Noticed a seven-headed hydra
 12745 | Lair:2   | Killed a seven-headed hydra
 13029 | Lair:2   | Reached skill level 10 in Fighting
 13042 | Lair:2   | Found a staircase to the Swamp.
 13112 | Lair:2   | Noticed an eight-headed hydra
 13138 | Lair:2   | Killed an eight-headed hydra
 13138 | Lair:2   | Reached XP level 13. HP: 30/82 MP: 15/19
 13360 | Lair:2   | Reached skill level 10 in Armour
 13750 | Lair:3   | Reached skill level 10 in Invocations
 13769 | Lair:3   | You fall into a shaft and drop 1 floor!
 13972 | Lair:3   | Noticed Gastronok
 14006 | Lair:3   | Killed Gastronok
 14802 | Lair:4   | Found a staircase to the Snake Pit.
 15447 | Lair:4   | Identified the +8 plate armour of Fashionability {Dex+2}
                  | (You found it on level 4 of the Lair of Beasts)
 16625 | Lair:5   | Found a staircase to the Slime Pits.
 16829 | Lair:5   | Reached ****** piety under Elyvilon
 17431 | Lair:6   | Entered Level 6 of the Lair of Beasts
 17561 | Lair:5   | Gained mutation: Your large and strong wings let you fly
                  | indefinitely. [Gargoyle growth]
 17561 | Lair:5   | Reached XP level 14. HP: 35/88 MP: 18/21
 19472 | Lair:6   | Reached skill level 5 in Shields
 19485 | Lair:6   | Noticed a dire elephant
 19506 | Lair:6   | Killed a dire elephant
 19576 | Lair:6   | Noticed a dire elephant
 19576 | Lair:6   | Noticed a dire elephant
 19603 | Lair:6   | Killed a dire elephant
 19625 | Lair:6   | Killed a dire elephant
 19730 | Lair:6   | Noticed a dire elephant
 19770 | Lair:6   | Killed a dire elephant
 19838 | Lair:6   | Noticed a dire elephant
 19861 | Lair:6   | Killed a dire elephant
 20427 | D:11     | Reached XP level 15. HP: 94/94 MP: 23/23
 21065 | D:12     | Noticed Erolcha
 21099 | D:11     | Killed Erolcha
 21141 | D:12     | Found a portal to a secret trove of treasure.
 21302 | D:12     | Reached skill level 10 in Shields
 21611 | D:12     | Found Ipaopnau's Armour Boutique.
 21611 | D:12     | Found a staircase to the Orcish Mines.
 21663 | D:12     | Found a roughly hewn altar of Beogh.
 22138 | D:13     | Noticed Jorgrun
 22617 | D:13     | Reached skill level 10 in Maces & Flails
 23153 | D:13     | Found a runed translucent door.
 23540 | D:12     | Killed Jorgrun
 23677 | D:13     | Found Ygural's Distillery.
 23688 | D:13     | Bought 2 potions of agility for 144 gold pieces
 23688 | D:13     | Bought a potion of agility for 72 gold pieces
 24018 | D:13     | Got a coiled bone amulet
 24019 | D:13     | Identified the amulet of Faunkod {+Rage rN+} (You found it
                  | on level 13 of the Dungeon)
 24150 | D:13     | Identified a scroll of acquirement
 24315 | D:13     | Found a gate to the Vaults.
 24342 | D:13     | Reached XP level 16. HP: 97/101 MP: 21/24
 24504 | D:5      | Bought an encrusted plate armour for 700 gold pieces
 24504 | D:5      | Identified the cursed +0 plate armour of Noon {MR+} (You
                  | bought it in a shop on level 5 of the Dungeon)
 24673 | Swamp:1  | Entered Level 1 of the Swamp
 25067 | Swamp:1  | Identified Roxanne's Volume of the Rocks
 25067 | Swamp:1  | Noticed Roxanne
 25744 | Swamp:1  | Killed Roxanne
 26131 | Swamp:2  | Noticed a thorn hunter
 26187 | Swamp:1  | Killed a thorn hunter
 27083 | Swamp:3  | Identified the +2 shield of Somewhere Else {rC+}
 27083 | Swamp:3  | Noticed Donald
 27099 | Swamp:3  | Killed Donald
 27655 | Swamp:3  | Found a runed translucent door.
 27656 | Swamp:3  | Noticed pentaxis93's ghost (adept DEFE)
 27695 | Swamp:3  | Killed pentaxis93's ghost
 27695 | Swamp:3  | Reached skill level 10 in Throwing
 27932 | Swamp:4  | Entered Level 4 of the Swamp
 28197 | Swamp:4  | Reached skill level 10 in Evocations
 28280 | Swamp:3  | Reached XP level 17. HP: 87/106 MP: 21/26
 28911 | Swamp:4  | Noticed a tentacled monstrosity
 28935 | Swamp:4  | Killed a tentacled monstrosity
 29166 | Swamp:4  | Got a decaying rune of Zot
 29367 | Swamp:4  | Lost mutation: Your mind is acute. (Int +2) [potion of
                  | mutation]
 29367 | Swamp:4  | Lost mutation: You are partially covered in large bone
                  | plates. (SH +4) [potion of mutation]
 29367 | Swamp:4  | Gained mutation: You have an increased reservoir of magic.
                  | (+10% MP) [potion of mutation]
 29367 | Swamp:4  | Gained mutation: You have a considerably increased
                  | reservoir of magic. (+20% MP) [potion of mutation]
 29664 | Snake:1  | Entered Level 1 of the Snake Pit
 30133 | Snake:1  | Noticed Louise
 30174 | Snake:1  | Found Riattara's Armour Emporium.
 30174 | Snake:1  | Found Qoin's Food Shoppe.
 30179 | Snake:1  | Killed Louise
 30226 | Snake:1  | Found an opulent altar of Gozag.
 30330 | Snake:1  | Noticed Agnes
 30365 | Snake:1  | Killed Agnes
 31174 | Snake:2  | Upgraded the game from 0.24-a0-423-g6870c0f642 to
                  | 0.24-a0-434-gd57e52fea8
 31263 | Snake:2  | Lost mutation: You have supernaturally acute eyesight.
                  | (SInv) [potion of mutation]
 31263 | Snake:2  | Lost mutation: Your flesh is cold resistant. (rC+) [potion
                  | of mutation]
 31263 | Snake:2  | Gained mutation: You can translocate small distances at
                  | will. [potion of mutation]
 31263 | Snake:2  | Gained mutation: You are frail. (-10% HP) [potion of
                  | mutation]
 31263 | Snake:2  | Gained mutation: You possess an exceptional clarity of
                  | mind. [potion of mutation]
 32566 | Snake:3  | Identified the +2 robe of Enu Zost {*Drain rC+ Dex+5}
 32690 | Snake:3  | Reached XP level 18. HP: 87/102 MP: 28/33
 33310 | Snake:4  | Entered Level 4 of the Snake Pit
 33502 | Snake:4  | Found a frozen archway.
 33544 | IceCv    | Entered an ice cave
 34726 | IceCv    | Noticed an Ice Fiend
 34764 | IceCv    | HP: 1/153 [Ice Fiend (47)]
 34765 | IceCv    | Demolished by an Ice Fiend

Levels and vault maps discovered:
D:1:      dpeg_arrival_shrine, layout_loops_ring, hangedman_decor_riveting,
          minmay_misc_feat_plants, chequers_serial_rivers_small_a
D:2:      layout_loops_cross, chequers_temple_overflow_statue_of_worship,
          minmay_unequal
D:3:      layout_basic
D:4:      layout_cave_pools, first_ration, uniq_robin
D:5:      minmay_general_purpose_star, layout_basic,
          nicolae_dithmenos_through_a_glass_darkly,
          minmay_temple_entry_mini_moons, serial_shops, shop,
          nicolae_shop_behind_doors, nicolae_shop_behind_doors, shop_statue,
          shop_statue, uniq_pikel, uniq_grinder, uniq_prince_ribbit1
D:6:      layout_loops_ring, uniq_blork_the_orc, uniq_crazy_yiuf_cottage,
          uniq_eustachio
D:7:      layout_rooms, uniq_menkaure, uniq_joseph
D:8:      layout_loops_ring, due_lair_maze_entry_diamond, hangedman_decor_push,
          blue_anna_alchemist [blue_anna_fruit_fields, blue_anna_fruit_fields],
          uniq_harold, uniq_psyche, uniq_erica
D:9:      layout_basic, old_standard_altar
D:10:     layout_cave_pools, serial_shops, shop, hex_tiny
D:11:     layout_rooms
D:12:     layout_roguey [special_room_orc], orc_david_3, enter_trove_1,
          uniq_erolcha
D:13:     minmay_the_grid_triangle_9x9_rhombus_full_mashed
          [minmay_the_grid_triangle_9x9_pentomino_pain,
          minmay_the_grid_triangle_9x9_subtriangle,
          minmay_the_grid_triangle_9x9_windchime,
          minmay_the_grid_triangle_9x9_warning,
          minmay_the_grid_triangle_9x9_odd_lines,
          minmay_the_grid_triangle_9x9_sparse_checkered,
          minmay_the_grid_triangle_9x9_skeleton,
          minmay_the_grid_triangle_9x9_prize_schism], layout_cave_pools,
          grunt_vaults_entry_fortified, serial_shops, shop, uniq_jorgrun
Temple:   lightli_temple_of_artemis
Lair:1:   layout_cave_pods, special_room [special_room_bee], grunt_megastairs_1
Lair:2:   layout_small_grid, skrybe_swamp_entry_bodies, serial_bayou_pond_a,
          roderic_carrion_pond, minmay_lair_oklob_chamber, grunt_megastairs_5
Lair:3:   layout_gridlike, serial_bayou_pond_a, infiniplex_staircase_pool,
          uniq_gastronok
Lair:4:   onia_ninara_swampy_vault, layout_cave_pods,
          minmay_snake_entry_guardpost_small
Lair:5:   layout_loops_ring, minmay_slime_entry_jelly_boxes,
          chequers_serial_rivers_small_b, serial_bayou_shore_b,
          grunt_megastairs_4
Lair:6:   due_jungle_book, layout_big_grid, grunt_megastairs_2
Swamp:1:  layout_falls_marsh, serial_swamp_ruin, evilmike_swamp_ruin_house_3,
          evilmike_swamp_ruin_house_1, uniq_roxanne
Swamp:2:  layout_basic_swamp, evilmike_swamp_ruin_house_2,
          infiniplex_staircase_pool_2
Swamp:3:  layout_falls_marsh, gammafunk_ghost_grave,
          nicolae_swamp_orc_logging_accident, uniq_donald
Swamp:4:  swamp_vile, layout_basic_swamp
Snake:1:  layout_concentric_octagons, basic_altar, minmay_shoptagon, uniq_agnes,
          uniq_louise
Snake:2:  layout_grid_shapes, grunt_ministairs_12
Snake:3:  layout_honeycomb, serial_bayou_shore_b, lemuel_fruit_tree
Snake:4:  snake_pit_salamanders_mu, layout_basic,
          portal_ice_cave_entry_ice_statue_two, uniq_bai_suzhen
IceCv:    ice_cave_caverns_01

Skill      XL: |  1  2  3  4  5  6  7  8  9 10 11 12 13 14 15 16 17 18 |
---------------+-------------------------------------------------------+-----
Dodging        | 1 2 4 5 6 7 8 9 |  9.4
Throwing       | 1 2 3 4 5 7 9 10 11 | 11.0
Maces & Flails | 3 5 7 9 10 11 12 | 12.0
Fighting       | 4 5 6 8 10 11 12 13 | 13.0
Armour         | 4 5 7 9 10 11 12 13 | 13.1
Evocations     | 3 4 6 7 9 10 11 | 11.0
Invocations    | 2 6 8 9 10 11 12 13 | 13.0
Shields        | 8 11 12 13 | 13.0

Action                   |  1- 3 |  4- 6 |  7- 9 | 10-12 | 13-15 | 16-18 || total
-------------------------+-------+-------+-------+-------+-------+-------++-------
Melee: Flail             |    98 |   186 |   347 |   633 |       |       ||  1264
       Morningstar       |       |       |       |   873 |  1859 |  2115 ||  4847
Throw: Stone             |    46 |   114 |   136 |   426 |   677 |   839 ||  2238
       Dart              |     1 |       |     9 |     4 |       |       ||    14
       Throwing net      |       |       |       |     5 |       |     4 ||     9
       Boomerang         |       |       |       |     7 |       |     5 ||    12
       Javelin           |       |       |       |       |     6 |    40 ||    46
Invok: Lesser Healing    |       |       |     1 |       |    30 |     9 ||    40
       Greater Healing   |       |       |       |     3 |     1 |     8 ||    12
 Abil: Evoke Flight      |       |       |       |       |     6 |       ||     6
       Stop Flying       |       |       |       |       |     1 |       ||     1
       Fly               |       |       |       |       |     1 |       ||     1
Evoke: Wand              |       |       |       |     4 |       |     1 ||     5
       Sack of spiders   |       |       |       |       |       |     4 ||     4
  Use: Scroll            |     2 |     8 |     6 |     6 |     9 |     5 ||    36
       Potion            |       |     2 |     3 |     1 |     2 |     6 ||    14
 Stab: Invisible         |       |       |       |     1 |       |       ||     1
       Held in net/web   |       |       |       |     1 |       |       ||     1
       Confused          |       |       |       |       |       |     3 ||     3
       Distracted        |       |       |       |       |       |     2 ||     2
  Eat: Chunk             |     1 |     7 |     7 |    23 |    35 |    23 ||    96
       Ration            |       |       |     1 |     7 |     4 |     5 ||    17
Armor: Scale mail        |    62 |   116 |    44 |       |       |       ||   222
       Chain mail        |       |       |   151 |   359 |       |       ||   510
       Plate armour      |       |       |       |   975 |  1820 |  1476 ||  4271
       Skin              |       |       |       |       |       |     2 ||     2
Dodge: Dodged            |    61 |   115 |   156 |   725 |   937 |   990 ||  2984
Block: Shield            |     2 |       |       |       |       |       ||     2
       Other             |       |    27 |    76 |   321 |   186 |       ||   610
       Buckler           |       |       |       |       |   545 |  1198 ||  1743

Table legend:
 A = Non-vault XP
 B = Vault XP
 C = Vault XP percentage of total XP
 D = Non-vault monster count
 E = Vault monster count
 F = Vault count percentage of total count
                 A         B        C        D         E       F
            +---------+---------+-------+---------+---------+-------
      Total |  171443 |   91635 |  34.8 |     681 |     291 |  29.9
            +---------+---------+-------+---------+---------+-------
        D:1 |      53 |       0 |   0.0 |      21 |       0 |   0.0
        D:2 |      99 |       2 |   2.0 |      23 |       1 |   4.2
        D:3 |      92 |       0 |   0.0 |      19 |       0 |   0.0
        D:4 |     185 |      39 |  17.4 |       8 |      13 |  61.9
        D:5 |     539 |    1250 |  69.9 |      24 |       6 |  20.0
        D:6 |     798 |     339 |  29.8 |      23 |       3 |  11.5
        D:7 |    1773 |     640 |  26.5 |      33 |       2 |   5.7
        D:8 |    2146 |    3724 |  63.4 |      30 |      14 |  31.8
        D:9 |    4104 |       0 |   0.0 |      48 |       0 |   0.0
       D:10 |    2164 |       0 |   0.0 |      17 |       0 |   0.0
       D:11 |    8688 |    1345 |  13.4 |      37 |       5 |  11.9
       D:12 |    5376 |    8689 |  61.8 |      18 |      38 |  67.9
       D:13 |    5544 |   18067 |  76.5 |      22 |      31 |  58.5
     Lair:1 |    3134 |    2472 |  44.1 |      16 |      31 |  66.0
     Lair:2 |   11056 |    1288 |  10.4 |      34 |       9 |  20.9
     Lair:3 |    4254 |    3062 |  41.9 |      17 |       2 |  10.5
     Lair:4 |    4217 |    4771 |  53.1 |      18 |      12 |  40.0
     Lair:5 |   15240 |    2822 |  15.6 |      41 |      23 |  35.9
     Lair:6 |   11261 |    2866 |  20.3 |      18 |       5 |  21.7
    Swamp:1 |   13681 |    1926 |  12.3 |      28 |       1 |   3.4
    Swamp:2 |   12751 |       0 |   0.0 |      35 |       0 |   0.0
    Swamp:3 |   13166 |    6694 |  33.7 |      43 |       7 |  14.0
    Swamp:4 |    7797 |   17382 |  69.0 |      31 |      25 |  44.6
    Snake:1 |   13591 |    3618 |  21.0 |      25 |       2 |   7.4
    Snake:2 |   11196 |    1481 |  11.7 |      21 |       2 |   8.7
    Snake:3 |   15255 |       0 |   0.0 |      24 |       0 |   0.0
    Snake:4 |    3283 |     912 |  21.7 |       7 |       2 |  22.2
      IceCv |       0 |    8246 | 100.0 |       0 |      57 | 100.0
            +---------+---------+-------+---------+---------+-------
